 Dungeon Crawl Stone Soup version 0.20.1-1-g8b1a95d66d (webtiles) character file.

7548 Gargoyl the Chopper (level 10, -7/83 HPs)
             Began as a Centaur Abyssal Knight on Jan 2, 2018.
             Was a High Priest of Lugonu.
             Killed from afar by an ice statue (19 damage)
             ... with a shard of ice
             ... on level 9 of the Dungeon.
             The game lasted 00:21:57 (12154 turns).

Gargoyl the Chopper (Centaur Abyssal Knight)       Turns: 12154, Time: 00:21:57

Health: -7/83      AC: 22    Str: 15    XL:     10   Next: 96%
Magic:  17/17      EV:  1    Int: 11    God:    Lugonu [*****.]
Gold:   617        SH:  7    Dex: 16    Spells: 9/9 levels left

rFire    . . .     SeeInvis .   a - +4 hand axe (elec)
rCold    . . .     Gourm    .   n - +0 buckler
rNeg     . . .     Faith    .   g - +1 plate armour
rPois    .         Spirit   .   d - +2 helmet
rElec    .         Reflect  +   (no cloak)
rCorr    .         Harm     .   k - +0 pair of gloves
MR       .....     Clarity  +   y - +0 centaur barding
Stlth    ..........             o - +2 amulet of reflection
Regen    0.3/turn               e - ring of flight
MPRegen  0.2/turn               h - +2 ring of dexterity

@: flying, very quick
A: hooves 3, thin skeletal structure 1, clarity, deformed body, speed 2, high mp
1, tough skin 3
a: Depart the Abyss, Bend Space, Banish, Corrupt, Enter the Abyss, Renounce
Religion, Stop Flying


You were on level 9 of the Dungeon.
You worshipped Lugonu.
Lugonu was extremely pleased with you.
You were not hungry.

You visited 1 branch of the dungeon, and saw 9 of its levels.
You visited the Abyss 1 time.

You collected 617 gold pieces.

Inventory:

Hand Weapons
 a - a +4 hand axe of electrocution (weapon)
 H - a +0 hand axe of freezing
Missiles
 v - 3 javelins (quivered)
Armour
 d - a +2 helmet (worn)
 g - a +1 plate armour (worn)
 k - a +0 pair of gloves (worn)
 n - a +0 buckler (worn)
 y - a +0 centaur barding (worn)
Jewellery
 e - a ring of flight (left hand)
 h - a +2 ring of dexterity (right hand)
 o - a +2 amulet of reflection (around neck)
Wands
 z - a wand of iceblast (8/15)
 B - a wand of iceblast (7/15)
 D - a wand of lightning (9/15)
 E - a wand of digging (22/24)
 G - a wand of confusion (17/48)
 I - a wand of disintegration (11/24)
Scrolls
 f - 7 scrolls of teleportation
 l - 2 scrolls of fog
 p - a scroll of identify
 s - 4 scrolls of remove curse
Potions
 b - 4 potions of heal wounds
 i - 3 potions of ambrosia
 j - 3 potions of curing
 m - a potion of resistance {unknown}
 q - 3 potions of magic
 t - 2 potions of invisibility
 w - a potion of cancellation {unknown}
 x - 2 potions of degeneration {unknown}
 A - 3 potions of flight {unknown}
 J - 2 potions of lignification {unknown}
 K - a potion of might {unknown}
Books
 F - a book of Frost

   Spells                             Type                      Level
   a - Freeze                         Ice                          1
   b - Throw Frost                    Conjuration/Ice              2
   c - Ozocubu's Armour               Charms/Ice                   3
   d - Throw Icicle                   Conjuration/Ice              4
   e - Summon Ice Beast               Ice/Summoning                4
Comestibles
 c - 10 bread rations
 r - 6 royal jellies
 u - 6 meat rations
 C - a fruit
 L - 3 chunks of flesh


   Skills:
 + Level 5.8 Fighting
 + Level 7.9 Axes
 + Level 1.8 Throwing
 * Level 7.9 Armour
 + Level 1.2 Dodging
 + Level 4.3 Shields
 * Level 7.8 Invocations


You had 9 spell levels left.
You didn't know any spells.

Dungeon Overview and Level Annotations

Branches:
Dungeon (9/15)             Temple (0/1) D:7
   Lair: D:8-11         Orc: D:9-12

Altars:
Dithmenos
Kikubaaqudgha
Ru
Uskayaw
Yredelemnul

Shops:
D:9 (

Annotations:
D:9 exclusion: ice statue


Innate Abilities, Weirdness & Mutations

You have hooves in place of feet.
Armour fits poorly on your strangely shaped body.
You cover ground very quickly.
You have extremely tough skin. (AC +3)
You have a somewhat thin skeletal structure. (Dex +2, Stealth)
You possess an exceptional clarity of mind.
You have an increased reservoir of magic. (+10% MP)


Message History

A magic dart appears from out of thin air!
The magic dart hits you! The ice statue gestures at you.
The bolt of cold hits you!
The orc wizard points at you and mumbles some strange words.
The magic dart hits you!
You hit the ice statue.
The ice statue is moderately damaged.
You hit the ice beast.
Lightning courses through the ice beast!
You hit the ice beast but do no damage. You hit the orc wizard.
You are engulfed in freezing vapours.
* * * LOW HITPOINT WARNING * * *
The ice beast hits you but does no damage.
You block the ice beast's attack.
The orc wizard mumbles some strange words.
The orc wizard blinks!
The ice statue gestures at you. The shard of ice hits you!
You die...

#.# ##.##.##...#
#.###..........#
###......##.##..##
#...#############
#.################ #
#.##⌠.o...≈≈≈.....
########.##......≈≈≈o....
................§Y8≈{o...
......(.........@§Y≈oo...
########.##⌠.....Y≈≈oo.%)
#.################ #...#
#####


You could see an ice statue, an orc warrior, 3 ice beasts, an orc priest, an orc
wizard and 4 orcs.

Vanquished Creatures
  2 two-headed ogres
  The ghost of 2ustice the Changer, a novice DsTm (D:6)
  The ghost of dengdeng the Skirmisher, a novice HOBe of Trog (D:5)
  Prince Ribbit (D:6)
  Grinder (D:3)
  Grum (D:8)
  A water moccasin (D:8)
  2 black bears (D:6)
  4 ogres
  3 orc warriors
  A sky beast (D:8)
  An eye of draining (D:9)
  An ice beast (D:9)
  2 necrophages
  2 phantoms
  The ghost of qepasa the Skirmisher, an amateur FoEn of Yredelemnul (D:3)
  2 wolves (D:8)
  3 centaurs
  7 bullfrogs
  A wyvern zombie (D:7)
  9 scorpions
  11 killer bees
  5 howler monkeys
  3 crimson imps
  A quasit (D:9)
  2 centaur zombies
  2 bullfrog zombies (D:7)
  4 hounds
  2 jellies
  A bullfrog skeleton (D:9)
  3 orc priests
  Jessica (D:3)
  3 iguanas
  6 orc wizards
  9 worker ants
  A hound zombie (D:9)
  2 worker ant zombies
  A howler monkey skeleton (D:9)
  4 gnolls (D:7)
  10 adders
  5 shadow imps
  A worm (D:2)
  A dart slug (D:1)
  A leopard gecko (D:6)
  33 orcs
  2 ball pythons (D:1)
  9 giant cockroaches
  11 goblins
  4 hobgoblins
  29 jackals
  6 kobolds
  8 quokkas
  6 bats
  3 frilled lizards
  A leopard gecko skeleton (D:5)
  2 leopard gecko zombies
  10 rats
250 creatures vanquished.

Vanquished Creatures (others)
  An orc warrior (D:8)
  An orc priest (D:9)
  A plant (D:5)
3 creatures vanquished.

Grand Total: 253 creatures vanquished

Notes
Turn   | Place    | Note
-------+----------+-------------------------------------------
     0 | Abyss:1  | Gargoyl the Centaur Abyssal Knight began the quest for the Orb.
     0 | Abyss:1  | Reached XP level 1. HP: 19/19 MP: 2/2
    31 | Abyss:1  | Noticed a quasit
   109 | Abyss:1  | Noticed a wraith
   116 | Abyss:1  | Noticed a rust devil
   119 | D:1      | Escaped the Abyss
   121 | D:1      | Gained mutation: You possess an exceptional clarity of mind. [potion of mutation]
   121 | D:1      | Gained mutation: You have an increased reservoir of magic. (+10% MP) [potion of mutation]
   121 | D:1      | Gained mutation: You have a somewhat thin skeletal structure. (Dex +2, Stealth) [potion of mutation]
   271 | D:1      | Reached XP level 2. HP: 26/26 MP: 3/3
   394 | D:1      | Reached * piety under Lugonu
   953 | D:2      | Reached XP level 3. HP: 30/31 MP: 5/5
  1681 | D:3      | Noticed qepasa's ghost (amateur FoEn)
  1695 | D:3      | Killed qepasa's ghost
  1695 | D:3      | Reached ** piety under Lugonu
  1695 | D:3      | Reached XP level 4. HP: 27/40 MP: 6/6
  1883 | D:3      | Reached XP level 5. HP: 46/46 MP: 7/7
  2058 | D:3      | Noticed Jessica
  2068 | D:3      | Killed Jessica
  2545 | D:3      | Noticed Grinder
  2550 | D:3      | Paralysed by Grinder for 5 turns
  2556 | D:3      | Paralysed by Grinder for 4 turns
  2563 | D:3      | Killed Grinder
  2563 | D:3      | Reached skill level 1 in Shields
  2563 | D:3      | Reached XP level 6. HP: 46/52 MP: 7/9
  3131 | D:4      | Reached XP level 7. HP: 35/59 MP: 10/10
  3532 | D:4      | Reached *** piety under Lugonu
  3605 | D:4      | Found an ancient bone altar of Kikubaaqudgha.
  3798 | D:5      | Entered Level 5 of the Dungeon
  3809 | D:5      | Reached skill level 1 in Dodging
  4214 | D:5      | Found a sacrificial altar of Ru.
  4387 | D:5      | Found a basalt altar of Yredelemnul.
  4434 | D:5      | Noticed dengdeng's ghost (novice HOBe)
  4475 | D:5      | Killed dengdeng's ghost
  4475 | D:5      | Reached XP level 8. HP: 46/67 MP: 12/12
  4782 | D:5      | Reached skill level 5 in Armour
  5257 | D:6      | Found a shadowy altar of Dithmenos.
  5361 | D:6      | Noticed 2ustice's ghost (novice DsTm)
  5466 | D:6      | Reached skill level 5 in Axes
  5517 | D:6      | Reached skill level 5 in Invocations
  5551 | D:6      | Noticed Prince Ribbit
  5765 | D:6      | Reached skill level 1 in Throwing
  5821 | D:6      | Killed 2ustice's ghost
  5821 | D:6      | Reached **** piety under Lugonu
  5821 | D:6      | Reached XP level 9. HP: 55/70 MP: 14/14
  6246 | D:6      | Killed Prince Ribbit
  7212 | D:7      | Found a staircase to the Ecumenical Temple.
  7556 | D:6      | Reached skill level 5 in Fighting
  8165 | D:7      | Reached ***** piety under Lugonu
  8234 | D:7      | HP: 3/74 [killer bee (7)]
  8760 | D:8      | Noticed a two-headed ogre
  8773 | D:8      | Killed a two-headed ogre
  8773 | D:8      | Reached XP level 10. HP: 67/81 MP: 16/16
  9444 | D:8      | Noticed Grum
  9451 | D:8      | Killed Grum
 10428 | D:8      | Found a hide-covered altar of Uskayaw.
 10428 | D:8      | Found a basalt altar of Yredelemnul.
 10808 | D:9      | Found Ugudus's Antique Weapon Shoppe.
 11746 | D:9      | Noticed an ice statue
 11867 | D:9      | Noticed a two-headed ogre
 11879 | D:9      | Killed a two-headed ogre
 12154 | D:9      | Killed from afar by an ice statue

Skill      XL: |  1  2  3  4  5  6  7  8  9 10 |
---------------+-------------------------------+-----
Axes           | 2 3 4 5 6 7 |  7.9
Armour         | 2 3 4 5 7 |  7.9
Fighting       | 4 5 |  5.8
Shields        | 1 2 3 4 |  4.3
Invocations    | 3 4 5 6 7 |  7.8
Dodging        | 1 |  1.2
Throwing       | 1 |  1.8

Action                   |  1- 3 |  4- 6 |  7- 9 | 10-12 || total
-------------------------+-------+-------+-------+-------++-------
Melee: Hand axe          |    68 |   115 |   560 |   357 ||  1100
       Kick              |    20 |    22 |   174 |    99 ||   315
Throw: Javelin           |       |       |    20 |       ||    20
Invok: Depart the Abyss  |     1 |       |       |       ||     1
       Banish            |       |       |       |     4 ||     4
 Abil: Evoke Flight      |       |       |       |     1 ||     1
  Use: Scroll            |     8 |     5 |     4 |     5 ||    22
       Potion            |     1 |     1 |     4 |       ||     6
  Eat: Chunk             |     1 |     4 |    17 |    11 ||    33
Armor: Leather armour    |     1 |       |       |       ||     1
       Plate armour      |    41 |   103 |   484 |   284 ||   912
Dodge: Dodged            |    13 |     5 |    30 |    14 ||    62
Block: Buckler           |     3 |    36 |   185 |   149 ||   373
       Reflection        |       |       |     1 |     3 ||     4
